 Dungeon Crawl Stone Soup version 0.29.1-2-gbd0b4ee654 (webtiles) character file.

Game seed: 18017276274154765853

3020 Descartes the Covert (level 9, -2/39 HPs)
             Began as a Spriggan Venom Mage on Nov 10, 2022.
             Was an Initiate of Gozag.
             Slain by a hornet (13 damage)
             ... while paralysed by a hornet
             ... on level 8 of the Dungeon.
             The game lasted 00:32:11 (12240 turns).

Descartes the Covert (Spriggan Venom Mage)         Turns: 12240, Time: 00:32:11

Health: -2/39      AC:  9    Str: 10    XL:     9   Next: 55%
Magic:  12/14      EV:  4    Int: 21    God:    Gozag
Gold:   1822       SH:  0    Dex: 15    Spells: 7/13 levels left

rFire   + . .      SeeInvis +   I - +2 short sword (elec)
rCold   . . .      Faith    .   (no shield)
rNeg    . . .      Spirit   .   C - quicksilver dragon scales
rPois   .          Reflect  +   (helmet restricted)
rElec   .          Harm     .   o - scarf {repulsion}
rCorr   .          Rampage  .   (gloves unavailable)
Will    ++...                   (boots unavailable)
Stlth   ++++......              w - amulet of reflection
HPRegen 0.13/turn               p - +6 ring of strength
MPRegen 0.14/turn               L - ring of protection from fire

@: paralysed, brilliant, lethally poisoned (-2 -> -8), slowed, repel missiles,
very quick
A: very small, no large weapons, unfitting armour, see invisible, speed 3
a: Renounce Religion, Potion Petition, Call Merchant, Bribe Branch


You were on level 8 of the Dungeon.
You worshipped Gozag.
Gozag was most pleased with you.
You visited 2 branches of the dungeon, and saw 10 of its levels.
You also visited: Sewer and Ossuary.

You collected 1900 gold pieces.
You paid 78 gold pieces to Gozag.

Inventory:

Hand Weapons
 c - a +2 dagger of venom
 j - a +1 dagger of holy wrath
 D - a +0 rapier
 I - a +2 short sword of electrocution (weapon)
Missiles
 r - 3 poisoned darts
Armour
 o - a scarf of repulsion (worn)
 B - a scarf of shadows
 C - quicksilver dragon scales (worn)
Magical Staves
 z - a staff of conjuration
Jewellery
 p - a +6 ring of strength (left hand)
 u - a +6 ring of strength
 w - an amulet of reflection (around neck)
 G - a ring of ice
 L - a ring of protection from fire (right hand)
 M - an amulet of regeneration
Wands
 s - a wand of mindburst (17)
 F - a wand of flame (21)
 H - a wand of polymorph (3)
Scrolls
 a - a scroll of enchant armour
 d - 2 scrolls of blinking
 e - 5 scrolls of teleportation
 g - a scroll of fog
 k - a scroll of immolation
 l - 4 scrolls of identify
 m - 3 scrolls of amnesia
 v - a scroll of vulnerability
 y - 4 scrolls of noise
 J - 2 scrolls of magic mapping
Potions
 b - 4 potions of magic
 f - 2 potions of cancellation {unknown}
 h - 3 potions of flight {unknown}
 i - 4 potions of curing {unknown}
 n - a potion of invisibility {unknown}
 q - 3 potions of heal wounds {unknown}
 t - 3 potions of haste {unknown}
 x - 6 potions of brilliance
 A - 2 potions of lignification {unknown}
 E - 2 potions of degeneration {unknown}
Miscellaneous
 K - a piece from Xom's chessboard (15/15)


   Skills:
 - Level 5.0 Short Blades
 + Level 8.5 Dodging
 + Level 10.0 Stealth
 - Level 2.6 Spellcasting
 - Level 5.0 Transmutations
 + Level 4.3 Fire Magic
 + Level 6.7 Poison Magic


You had 7 spell levels left.
You knew the following spells:

 Your Spells              Type           Power      Damage    Failure   Level
a - Sting                 Tmut/Pois      100%       1d8       3%          1
b - Foxfire               Conj/Fire      68%        2x1d7     14%         1
c - Olgreb's Toxic Radia  Pois           46%        N/A       22%         4

Your spell library contained the following spells:

 Spells                   Type           Power      Damage    Failure   Level
 Spider Form              Tmut/Pois      41%        N/A       10%         3
 Poisonous Vapours        Pois/Air       50%        N/A       14%         2
 Mephitic Cloud           Conj/Pois/Air  18%        N/A       38%         3
 Conjure Flame            Conj/Fire      17%        6-21      41%         3
 Inner Flame              Hex/Fire       17%        N/A       41%         3
 Ensorcelled Hibernation  Hex/Ice        8%         N/A       47%         2
 Stone Arrow              Conj/Erth      8%         3d7       71%         3
 Flame Wave               Conj/Fire      17%        2d7       82%         4
 Anguish                  Hex/Necr       2%         N/A       98%         4
 Animate Armour           Summ/Erth      8%         N/A       98%         4
 Summon Ice Beast         Ice/Summ       4%         N/A       98%         4
 Summon Mana Viper        Hex/Summ       4%         N/A       100%        5
 Monstrous Menagerie      Summ           2%         N/A       100%        7
 Lehudib's Crystal Spear  Conj/Erth      2%         10d2      100%        8


Dungeon Overview and Level Annotations

Branches:
Dungeon (9/15)             Temple (1/1) D:5           Sewer (visited)
Ossuary (visited)
   Lair: D:8-11         Orc: D:9-12

Altars:
Ashenzari
Cheibriados
Dithmenos
Elyvilon
Fedhas
Gozag
Hepliaklqana
Kikubaaqudgha
Makhleb
Nemelex Xobeh
Okawaru
Qazlal
Ru
Sif Muna
Trog
Uskayaw
Vehumet
Xom
Zin
The Shining One

Shops:
D:5 :


Innate Abilities, Weirdness & Mutations

You are very small and have problems with some larger weapons.
You are too small for most types of armour.
You have supernaturally acute eyesight. (SInv)
You cover ground extremely quickly. (Speed+++)


Message History

The centaur kicks you but does no damage.
The hornet closely misses you. The centaur closely misses you.
The centaur misses you.
Casting: Foxfire (safe; 14% risk of failure)
Confirm with . or Enter, or press ? or * to list all spells.
The spell is quite dangerous to miscast (22% risk of failure)!
Continue anyway?
You feel a surge of power!
You begin to radiate toxic energy.
The centaur is poisoned.
The hornet is poisoned.
The centaur looks even sicker.
The hornet looks even sicker.
The hornet stings you but does no damage.
You block the centaur's attack.
The centaur kicks you but does no damage.
The hornet stings you!
You feel yourself slow down.
Your +1 dagger of holy wrath stops glowing.
You hear the crackle of electricity.
I - a +2 short sword of electrocution (weapon)
The hornet looks even sicker.
The centaur hits you. The centaur kicks you. The hornet closely misses you.
Unknown command.
You closely miss the hornet.
The hornet is moderately wounded.
Your toxic aura wanes.
You block the centaur's attack.
The centaur kicks you but does no damage.
The hornet stings you but does no damage.
You block the centaur's attack. The centaur misses you. The hornet stings you.
You are poisoned.
You suddenly lose the ability to move!
You feel very sick.
The centaur hits you but does no damage.
The centaur kicks you. The hornet stings you.
You feel as though you will be slow longer.
The centaur hits you but does no damage.
The centaur kicks you but does no damage.
You feel sick.
The hornet stings you but does no damage.
The centaur hits you but does no damage.
The centaur barely misses you. The hornet stings you!
You die...
Your body crumbles into a pile of gold.

####################
#....<....##.......#
#..~.....>##..≈....#
#..~......##.......#
#.........##.......#
#.....@...##.......#
#######....y.c..##.......####
#................'...........
#..~≈~~.......####...~...##[.
#..~≈~~~~.....# #...........
#..~≈~≈≈~.....# #....~~~~~..
#...~~~~......# #....~≈~≈~..
#.............####....~~~))..
############)......).........


You could see a hornet (very poisoned) and a centaur (very poisoned).

Vanquished Creatures
  An unseen horror (D:7)
  Prince Ribbit (D:7)
  A wyvern (D:7)
  Duvessa (D:5)
  2 ice beasts
  A sky beast (D:7)
  A centaur (D:5)
  An ogre (D:5)
  2 bullfrogs
  Blork the orc (D:5)
  2 scorpions
  2 water moccasin zombies (Ossuary)
  11 wights
  Dowan (D:5)
  An electric eel (D:8)
  4 howler monkeys
  3 jellies
  3 hounds
  An orc priest (D:5)
  A gnoll bouda (D:8)
  Jessica (D:2)
  2 iguanas
  2 orc wizards
  2 mummies (Ossuary)
  8 gnolls
  An adder (D:5)
  A shadow imp (D:6)
  A white imp (D:5)
  7 adder zombies (Ossuary)
  2 worms (Sewer)
  2 dart slugs
  13 orcs
  9 ball pythons
  2 bats (D:2)
  20 endoplasms
  8 giant cockroaches
  4 gnoll zombies (Ossuary)
  8 goblins
  5 hobgoblins
  5 jackals (D:2)
  5 kobolds
  4 quokkas
  8 frilled lizards
  4 hobgoblin zombies (Ossuary)
  5 kobold zombies (Ossuary)
  5 orc zombies (Ossuary)
  4 rats
  A butterfly (D:8)
180 creatures vanquished.

Vanquished Creatures (others)
  A butterfly (D:8)
  161 foxfires
162 creatures vanquished.

Grand Total: 342 creatures vanquished

Notes
Turn   | Place    | Note
-------+----------+-------------------------------------------
     0 | D:1      | Descartes the Spriggan Venom Mage began the quest for the
                  | Orb.
     0 | D:1      | Reached XP level 1. HP: 9/9 MP: 5/5
   405 | D:1      | Reached XP level 2. HP: 13/13 MP: 4/6
   845 | D:1      | Found a faded altar of an unknown god.
  1406 | D:2      | Reached skill level 4 in Stealth
  1442 | D:2      | Reached XP level 3. HP: 16/16 MP: 4/8
  2270 | D:2      | Reached skill level 1 in Short Blades
  2454 | D:2      | Reached XP level 4. HP: 21/21 MP: 5/9
  2637 | D:3      | Noticed Jessica
  2650 | D:2      | Killed Jessica
  3013 | D:3      | Found a sparkling altar of Nemelex Xobeh.
  3854 | D:4      | Noticed a phantom
  4265 | D:4      | Reached skill level 5 in Stealth
  4265 | D:4      | Reached XP level 5. HP: 24/24 MP: 6/10
  4958 | D:5      | Entered Level 5 of the Dungeon
  4961 | D:5      | Found a staircase to the Ecumenical Temple.
  5017 | Temple   | Entered the Ecumenical Temple
  5017 | Temple   | Found a transporter.
  5017 | Temple   | Found a transporter.
  5019 | Temple   | Found a transporter.
  5019 | Temple   | Found a transporter.
  5189 | D:5      | Found Ytawk's Book Emporium.
  5202 | D:5      | Learned a level 1 spell: Foxfire
  5207 | D:5      | Learned a level 4 spell: Olgreb's Toxic Radiance
  5214 | D:5      | Noticed an ogre
  5227 | D:5      | Killed an ogre
  5228 | D:5      | Reached XP level 6. HP: 28/28 MP: 7/11
  5278 | D:5      | Noticed Dowan
  5278 | D:5      | Noticed Duvessa
  5340 | D:5      | Killed Duvessa
  5341 | D:5      | Reached skill level 5 in Dodging
  5341 | D:5      | Reached skill level 6 in Stealth
  5341 | D:5      | Reached skill level 1 in Fire Magic
  5440 | D:5      | Killed Dowan
  5524 | D:5      | Noticed Blork the orc
  5564 | D:5      | Killed Blork the orc
  5565 | D:5      | Reached XP level 7. HP: 24/32 MP: 2/12
  5667 | D:5      | Found an ancient bone altar of Kikubaaqudgha.
  5673 | D:5      | Found an opulent altar of Gozag.
  5677 | D:5      | Found a sacrificial altar of Ru.
  5679 | D:5      | Found a snail-covered altar of Cheibriados.
  5685 | D:5      | Found a hide-covered altar of Uskayaw.
  5697 | D:5      | Became a worshipper of Gozag Ym Sagoz the Greedy
  5872 | D:5      | Found a hazy altar of Hepliaklqana.
  5976 | D:5      | Found a white marble altar of Elyvilon.
  6560 | D:6      | Found a glowing silver altar of Zin.
  6620 | D:6      | Found a broken altar of Ashenzari.
  6717 | D:6      | Found a glowing drain.
  6726 | Sewer    | Entered a sewer
  7259 | Sewer    | Reached skill level 5 in Poison Magic
  7389 | Sewer    | Found a viscous altar of Jiyva.
  7466 | Sewer    | Reached skill level 7 in Stealth
  7847 | D:6      | Reached XP level 8. HP: 36/36 MP: 13/13
  7872 | D:6      | Identified a scroll of acquirement
  7873 | D:6      | Acquired 824 gold pieces
  8145 | D:7      | Found a sand-covered staircase.
  8195 | Ossuary  | Entered an ossuary
  8737 | D:7      | Noticed an unseen horror
  8789 | D:7      | Reached skill level 8 in Stealth
  9471 | D:7      | Killed an unseen horror
  9472 | D:7      | Reached skill level 5 in Short Blades
  9651 | D:7      | Noticed Prince Ribbit
  9692 | D:7      | Killed Prince Ribbit
  9693 | D:7      | Reached XP level 9. HP: 27/39 MP: 10/14
  9700 | D:7      | Reached skill level 5 in Transmutations
  9965 | D:8      | Reached skill level 9 in Stealth
 10231 | D:8      | Found a shimmering altar of Xom.
 11317 | D:8      | Found a radiant altar of Vehumet.
 11739 | D:8      | Reached skill level 10 in Stealth
 11868 | D:8      | Found a shadowy altar of Dithmenos.
 12238 | D:8      | Paralysed by a hornet for 3 turns
 12240 | D:8      | Slain by a hornet

Illustrated notes

Levels and vault maps discovered:
D:1:      dpeg_arrival_court, layout_loops_ring,
          hellmonk_ecumenical_altar_zigzags
D:2:      layout_basic
D:3:      layout_basic, old_standard_altar, uniq_jessica
D:4:      layout_loops_ring
D:5:      layout_gridville, nicolae_overflow_hallway_of_the_gods,
          mainiacjoe_overflow_big_doors, minmay_temple_entry_arrows,
          serial_shops, shop, uniq_blork_the_orc, uniq_duvessa
D:6:      layout_rooms, mainiacjoe_overflow_two_lobes, portal_sewer_entry_b,
          hex_medium, minmay_misc_feat_cross, hangedman_decor_points
D:7:      layout_rooms, nicolae_ossuary_entry_false_entrances,
          minmay_tree_intersection, kennysheep_nondescript, uniq_prince_ribbit1
D:8:      layout_basic, mainiacjoe_overflow_alcove_4, xom_butterflies,
          lemuel_round_altar
D:9:      layout_small_grid, mainiacjoe_overflow_paths,
          nicolae_yredelemnul_ghost_church, dreamdust_princess_corridor,
          st_stairs_10, roderic_serpentine_path, nicolae_elevator_lobby_asterisk
Temple:   hellmonk_temple_divided_pantheon

Skill      XL: |  1  2  3  4  5  6  7  8  9 |
---------------+----------------------------+-----
Dodging        | 3 4 5 6 7 8 |  8.5
Stealth        | 4 5 6 7 8 10 | 10.0
Short Blades   | 1 2 3 4 5 |  5.0
Poison Magic   | 4 5 6 |  6.7
Fire Magic     | 1 2 3 4 |  4.3
Transmutations | 2 4 5 |  5.0
Spellcasting   | |  2.6

Action                   |  1- 3 |  4- 6 |  7- 9 || total
-------------------------+-------+-------+-------++-------
Melee: Dagger            |     5 |    31 |   333 ||   369
       Punch             |       |     1 |     2 ||     3
       Short sword       |       |       |     1 ||     1
 Cast: Sting             |    76 |    87 |   119 ||   282
       Foxfire           |       |       |    99 ||    99
       Olgreb's Toxic Ra |       |       |     1 ||     1
  Use: Scroll            |       |       |    13 ||    13
       Potion            |       |       |     1 ||     1
 Stab: Sleeping          |       |     1 |    16 ||    17
Armor: Robe              |     3 |     1 |       ||     4
       Quicksilver drago |       |     1 |    55 ||    56
Dodge: Dodged            |    11 |    19 |   251 ||   281
       Repelled          |       |     1 |       ||     1
Block: Other             |       |     6 |    68 ||    74
       Reflection        |       |     1 |     1 ||     2
